Map: Emerald City LE

Players

Napolitain - Winner!

  • Race: Protoss Protoss
  • League: Diamond
  • Spawn Location: 11:00

A.I. 1 (Very Easy) - Winner!

  • Race: Protoss Protoss
  • Spawn Location: 11:00

A.I. 2 (Very Easy)

  • Race: Zerg Zerg
  • Spawn Location: 5:00

A.I. 3 (Very Easy)

  • Race: Zerg Zerg
  • Spawn Location: 5:00

VOD

Have the link to the VOD?

Description

Time

  • Played on: Aug. 28, 2020, 6:38 a.m.
  • Length: 9:07
Show
View Real Time Build Order
Export as new Build Order

Napolitain Protoss - Winner!

Build Orders: 1 Gate Expand, Phoenix Opening, Mass Phoenix 

Get SALT Encoding   

  12  0:00  Probe  
  13  0:12  Probe  
  14  0:18  Pylon  
  14  0:26  Probe (Chrono Boost)  
  15  0:38  Probe (Chrono Boost)  
  15  0:40  Gateway  
  16  0:43  Assimilator  
  16  0:48  Probe (Chrono Boost)  
  17  0:58  Probe  
  18  1:10  Probe (Chrono Boost)  
  19  1:22  Probe (Chrono Boost)  
  20  1:33  Nexus  
  20  1:34  Cybernetics Core  
  20  1:40  Probe  
  20  1:43  Assimilator  
  21  1:51  Pylon  
  21  1:52  Probe  
  22  2:04  Probe  
  23  2:11  Stargate  
  23  2:17  Probe  
  24  2:26  Assimilator  
  24  2:29  Probe  
  25  2:37  Protoss Air Weapons Level 1 (Chrono Boost)  
  26  2:44  Probe (Chrono Boost)  
  26  2:45  Probe (Chrono Boost)  
  27  2:55  Probe (Chrono Boost)  
  27  2:57  Probe (Chrono Boost)  
  29  2:59  Phoenix  
  29  3:00  Probe (Chrono Boost)  
  29  3:04  Assimilator  
  29  3:05  Probe  
  33  3:07  Stargate  
  33  3:11  Probe  
  34  3:17  Probe  
  35  3:23  Probe  
  35  3:25  Phoenix  
  38  3:29  Probe  
  38  3:33  Pylon  
  39  3:35  Probe  
  40  3:41  Probe  
  40  3:47  Probe  
  42  3:51  Phoenix  
  42  3:52  Phoenix  
  42  3:53  Probe  
  47  3:59  Pylon  
  47  4:01  Probe  
  48  4:05  Probe  
  49  4:13  Probe  
  50  4:17  Phoenix  
  50  4:18  Protoss Air Armor Level 1 (Chrono Boost)  
  50  4:19  Probe  
  50  4:22  Phoenix  
  55  4:26  Probe  
  56  4:31  Probe  
  57  4:41  Probe  
  57  4:43  Probe  
  59  4:46  Pylon  
  59  4:50  Nexus  
  59  4:55  Pylon  
  59  5:04  Phoenix x2  
  63  5:11  Stargate  
  63  5:12  Stargate  
  63  5:18  Probe x2  
  65  5:27  Pylon  
  65  5:30  Fleet Beacon  
  65  5:31  Probe x2  
  65  5:35  Phoenix (Chrono Boost)  
  69  5:43  Probe x2  
  69  5:48  Phoenix (Chrono Boost)  
  73  5:55  Probe  
  73  5:56  Probe  
  75  6:01  Phoenix x2  
  75  6:03  Phoenix  
  81  6:05  Assimilator  
  81  6:07  Assimilator  
  81  6:09  Probe  
  81  6:10  Probe x2  
  84  6:24  Probe x3  
  87  6:29  Protoss Air Weapons Level 2 (Chrono Boost)  
  87  6:31  Anion Pulse-Crystals (Chrono Boost)  
  87  6:36  Probe x3  
  87  6:38  Phoenix (Chrono Boost)  
  92  6:48  Probe x2  
  92  6:49  Probe  
  92  6:53  Phoenix x2 (Chrono Boost)  
  99  7:00  Probe  
  99  7:01  Probe  
  101  7:04  Pylon  
  101  7:08  Pylon  
  101  7:09  Nexus  
  101  7:22  Probe x3, Phoenix (Chrono Boost)  
  108  7:23  Pylon  
  108  7:25  Phoenix (Chrono Boost)  
  108  7:26  Pylon  
  112  7:31  Phoenix x2 (Chrono Boost)  
  112  7:34  Probe x3  
  115  7:44  Phoenix (Chrono Boost)  
  115  7:50  Phoenix (Chrono Boost)  
  123  7:53  Phoenix x2 (Chrono Boost)  
  123  8:19  Phoenix x4 (Chrono Boost)  
  131  8:26  Pylon  
  131  8:27  Pylon  
  131  8:29  Pylon x2  
  131  8:37  Assimilator  
  131  8:41  Phoenix x2 (Chrono Boost), Assimilator  
  131  8:42  Phoenix x2 (Chrono Boost)  
Show
View Real Time Build Order
Export as new Build Order

A.I. 1 (Very Easy) Protoss - Winner!

Build Orders:  

Get SALT Encoding   

  12  0:01  Probe  
  13  0:13  Probe  
  14  0:19  Pylon  
  14  0:36  Assimilator  
  14  0:41  Gateway  
  14  0:45  Pylon  
  14  1:18  Assimilator  
  14  1:22  Zealot  
  14  1:30  Cybernetics Core  
  14  1:32  Probe  
  17  1:44  Probe  
  18  1:56  Warp Gate, Probe  
  19  2:04  Probe  
  20  2:12  Probe  
  21  2:23  Probe  
  22  2:38  Stalker  
  24  6:56  Probe  
  25  7:02  Adept  
  25  7:04  Pylon, Probe  
  25  7:06  Robotics Facility  
  27  7:11  Nexus  
  27  7:14  Probe  
  29  7:23  Probe  
  30  7:31  Probe  
  30  7:35  Pylon  
  31  7:49  Observer  
  28  8:00  Zealot  
  30  8:08  Observer  
  31  8:22  Probe  
  32  8:33  Assimilator  
  32  8:34  Probe  
  34  8:44  Probe  
  34  8:46  Assimilator  
  35  8:51  Probe  
  35  8:58  Stalker  
Show
View Real Time Build Order
Export as new Build Order

A.I. 2 (Very Easy) Zerg 

Build Orders: Pool First 

Get SALT Encoding   

  12  0:01  Drone  
  13  0:12  Overlord  
  13  0:17  Drone  
  14  0:34  Spawning Pool  
  13  0:37  Drone  
  13  0:40  Extractor  
  13  0:45  Drone  
  14  0:52  Overlord  
  14  1:22  Zergling x2, Queen  
  17  1:31  Roach Warren  
  16  1:33  Extractor  
  16  1:36  Drone  
  16  1:39  Zergling x2  
  17  1:44  Drone  
  18  1:57  Zergling x2  
  18  1:58  Drone  
  20  2:09  Drone  
  21  2:19  Drone  
  22  2:29  Drone  
  23  2:30  Overlord  
  23  2:36  Drone  
  25  2:44  Drone  
  25  5:44  Drone  
  25  5:45  Lair  
  26  5:52  Drone  
  27  5:59  Drone  
  28  6:06  Drone  
  28  6:07  Overlord  
  29  6:14  Drone  
  30  6:22  Drone  
  30  6:24  Zergling x2  
  29  6:43  Overseer  
  29  6:44  Spire, Overseer  
  28  6:48  Zergling x2  
  29  7:13  Zergling x2  
  30  7:18  Hatchery, Drone  
  30  7:50  Zergling x2  
  30  8:11  Overseer  
  30  8:12  Overlord  
  30  8:13  Mutalisk  
  27  8:23  Queen  
  27  8:28  Overseer  
  27  8:31  Overlord  
  27  8:32  Overlord  
  23  8:42  Extractor, Drone  
  23  8:43  Zergling x2  
  24  8:49  Drone  
  24  8:54  Extractor  
Show
View Real Time Build Order
Export as new Build Order

A.I. 3 (Very Easy) Zerg 

Build Orders: Pool First 

Get SALT Encoding   

  12  0:01  Drone  
  13  0:12  Overlord  
  13  0:17  Drone  
  14  0:36  Spawning Pool  
  14  0:39  Extractor, Drone  
  13  0:47  Drone  
  14  0:53  Overlord  
  14  1:23  Zergling x2  
  14  1:24  Queen  
  17  1:33  Roach Warren  
  17  1:34  Extractor  
  17  1:37  Drone  
  16  1:43  Zergling x2  
  16  1:44  Drone  
  18  1:58  Drone  
  19  2:03  Zergling x2  
  20  2:09  Drone  
  21  2:20  Drone  
  22  2:31  Drone  
  22  2:32  Overlord  
  23  2:38  Drone  
  24  2:45  Drone  
  25  6:01  Roach  
  25  6:02  Lair, Drone, Overlord  
  28  6:09  Drone  
  29  6:16  Drone  
  30  6:24  Drone  
  31  6:31  Drone  
  32  6:39  Drone  
  33  6:43  Roach  
  32  7:00  Overseer  
  32  7:01  Overseer  
  32  7:24  Roach  
  32  7:29  Hatchery  
  33  7:55  Overlord  
  33  7:56  Zergling x2  
  33  7:57  Queen  
  26  7:59  Drone  
  26  8:01  Overlord  
  11  8:06  Drone  
Tags
 
Add a new tag
Caveats
  • Supply blocks, unpowered buildings, or Contaminate may cause inaccurate times.
  • Supply counts are checked every 10 seconds.